 Dungeon Crawl Stone Soup version 0.23-a0-241-g3b46b07 (webtiles) character file.

31747 Amnesiac the Thrower (level 13, -4/87 HPs)
             Began as a Mummy Assassin on Sept 27, 2018.
             Was the Champion of Okawaru.
             Slain by a tyrant leech (27 damage)
             ... on level 4 of the Lair of Beasts.
             The game lasted 00:58:05 (19413 turns).

Amnesiac the Thrower (Mummy Assassin)              Turns: 19413, Time: 00:58:06

Health: -4/87      AC: 18    Str: 24    XL:     13   Next: 27%
Magic:  23/23      EV: 14    Int: 12    God:    Okawaru [******]
Gold:   1230       SH:  6    Dex: 10    Spells: 12/12 levels left

rFire    x . .     SeeInvis .   a - +2 dagger (elec)
rCold    + . .     Gourm    .   Z - +0 buckler
rNeg     + + +     Faith    .   x - +4 scale mail of the Echidna {rN+ Regen+ Dex-3}
rPois    ∞         Spirit   .   C - +0 Maxwell's etheric cage {RegenMP+ *Contam rElec MP+4}
rElec    +         Reflect  .   d - +0 cloak
rCorr    .         Harm     +   o - +0 pair of gloves
MR       +....                  B - +0 pair of boots
Stlth    +++++.....             H - amulet of harm
HPRegen  0.64/turn              y - +6 ring of strength MPRegen 0.68/turn*
                                K - ring of stealth

@: heroism, studying Long Blades
A: no food or potions, fire vulnerability, cold resistance 1, negative energy
resistance 3, torment resistance, unbreathing, in touch with death 1
a: Heroism, Finesse, Renounce Religion


You were on level 4 of the Lair of Beasts.
You worshipped Okawaru.
Okawaru was exalted by your worship.
You were not hungry.

You visited 3 branches of the dungeon, and saw 17 of its levels.
You also visited: Sewer and Ice Cave.

You collected 2599 gold pieces.
You spent 1369 gold pieces at shops.

Inventory:

Hand Weapons
 a - a +2 dagger of electrocution (weapon)
 b - the +3 hunting sling "Oguma" {venom, Dex+4}
   (You bought it in a shop on level 2 of the Orcish Mines)

   It poisons the ammo it fires.
   It affects your dexterity (+4).
 q - a +2 dagger of draining
 w - a +3 blowgun
 Y - a +0 fustibalus
Missiles
 c - 430 stones
 e - 7 poisoned needles
 f - 2 curare-tipped needles
 r - 91 sling bullets
 t - a throwing net
 u - 18 tomahawks
 z - 4 needles of frenzy
 F - 11 needles of sleeping
 J - 6 tomahawks of returning (quivered)
 R - 2 poisoned tomahawks
 S - 2 silver javelins
Armour
 d - a +0 cloak (worn)
 o - a +0 pair of gloves (worn)
 x - the +4 scale mail of the Echidna (worn) {rN+ Regen+ Dex-3}
   (You found it on level 4 of the Dungeon)

   It affects your dexterity (-3).
   It protects you from negative energy.
   It increases your rate of regeneration.
 B - a +0 pair of boots (worn)
 C - the +0 Maxwell's etheric cage (worn) {RegenMP+ *Contam rElec MP+4}
   (You found it on level 5 of the Dungeon)

   It insulates you from electricity.
   It affects your magic capacity (+4).
   It causes magical contamination when unequipped.
 N - a +2 scale mail of fire resistance
 Z - a +0 buckler (worn)
Jewellery
 y - a +6 ring of strength (left hand)
 H - an amulet of harm (around neck)
 I - an uncursed ring of wizardry
 K - a ring of stealth (right hand)
 T - an uncursed amulet of regeneration
Wands
 v - a wand of paralysis (10)
 D - a wand of scattershot (3)
 G - a wand of iceblast (2)
 O - a wand of random effects (32)
Scrolls
 g - 4 scrolls of blinking {!r}
 i - 6 scrolls of amnesia {!r}
 j - a scroll of fog {!r}
 k - 9 scrolls of teleportation {!r}
 l - 8 scrolls of remove curse {!r}
 m - 4 scrolls of fear {!r}
 n - 4 scrolls of enchant armour {!r}
 p - a scroll of brand weapon {!r}
 s - 2 scrolls of magic mapping {!r}
 A - 3 scrolls of immolation {!r}
 E - a scroll of holy word {!r}
 L - 2 scrolls of noise {!r}
 M - a scroll of vulnerability {!r}
 Q - a scroll of identify {!r}
Books
 P - a manual of Long Blades
Miscellaneous
 h - a phial of floods


   Skills:
 + Level 3.4(8.4) Fighting
 - Level 10.0(15.0) Short Blades
 - Level 10.0(15.0) Throwing
 * Level 4.3(9.3) Armour
 * Level 4.2(9.2) Dodging
 - Level 8.0(13.0) Stealth
 - Level 4.0(9.0) Shields
 - Level 8.5 Invocations
 - Level 4.0 Evocations


You had 12 spell levels left.
You didn't know any spells.
Your spell library contained the following spells:

 Spells                   Type           Power        Failure   Level  Hunger
 Magic Dart               Conj           #...         56%         1    N/A
 Searing Ray              Conj           #.....       71%         2    N/A
 Dazzling Spray           Conj/Hex       #.....       91%         3    N/A
 Force Lance              Conj/Tloc      #.......     100%        4    N/A
 Fulminant Prism          Conj/Hex       #.........   100%        4    N/A
 Iskenderun's Mystic Bla  Conj           #.......     100%        4    N/A

Dungeon Overview and Level Annotations

Branches:
Dungeon (11/15)            Temple (0/1) D:7            Lair (4/6) D:9
  Swamp (0/4) Lair:4        Snake (0/4) Lair:4          Orc (2/2) D:11
    Elf (0/3) Orc:2

Altars:
Elyvilon
Gozag
Makhleb
Okawaru
Sif Muna
Trog
Zin

Shops:
Orc:2 [(((

Annotations:
D:4 mopl's ghost, amateur BaTm


Innate Abilities, Weirdness & Mutations

You do not eat or drink.
Your flesh is vulnerable to fire.
You are immune to poison.
Your flesh is cold resistant. (rC+)
You are immune to negative energy. (rN+++)
You are immune to unholy pain and torment.
You can survive without breathing.
You are in touch with the powers of death.


Message History

Throwing (i - inventory. (/) - cycle)
J - 7 tomahawks of returning (quivered)
Press: ? - help, Shift-Dir - straight line, f - swamp worm
Aim: a swamp worm (water, resting)
You throw a tomahawk of returning.
The tomahawk of returning hits the swamp worm but does no damage.
You hear a splash.
The tomahawk of returning fails to return to your pack!
A swamp worm comes into view.
Unknown command.
You gain the combat prowess of a mighty hero.
You swing at nothing.
You swing at nothing.
You swing at nothing.
You swing at nothing.
You swing at nothing.
You swing at nothing.
You swing at nothing.
You swing at nothing.
The swamp worm throws harpoon shot at you.
The harpoon shot misses you.
You swing at nothing.
You swing at nothing.
The swamp worm throws harpoon shot at you.
The harpoon shot hits you!
You are yanked forward by the harpoon shot.
You closely miss the swamp worm. The swamp worm bites you!!
* * * LOW HITPOINT WARNING * * *
You puncture the swamp worm!
The swamp worm is moderately wounded.
You hit the swamp worm.
Lightning courses through the swamp worm!
The swamp worm is severely wounded.
The swamp worm bites you!
* * * LOW HITPOINT WARNING * * *
You closely miss the swamp worm.
The swamp worm is severely wounded.
You hit the swamp worm but do no damage.
The swamp worm is severely wounded.
The swamp worm closely misses you.
You barely miss the swamp worm.
The swamp worm is severely wounded.
The swamp worm barely misses you.
You hit the swamp worm.
The swamp worm is almost dead.
The tyrant leech completely misses you.
You hit the swamp worm.
The swamp worm is almost dead.
The swamp worm bites you.
* * * LOW HITPOINT WARNING * * *
You closely miss the swamp worm.
The swamp worm is almost dead.
You closely miss the swamp worm.
The swamp worm is almost dead.
The swamp worm bites you but does no damage.
The tyrant leech bites you!
* * * LOW HITPOINT WARNING * * *
You barely miss the swamp worm.
The swamp worm is almost dead.
The swamp worm closely misses you.
You hit the swamp worm.
You kill the swamp worm!
Okawaru accepts your kill. The tyrant leech bites you!!
You die...

.. ##... ..# ## ....
..###.##### ...
#P.#####..........
...###..#..#P..........
.........................
.............†...........
.........................
................@........
.....P#P.#.##..w#.#+####
.....P##..###...##..#
.......#.## #...# #..#
..........# #..♣♣ ♣...
.....#.#..###w♣♣ ♣...#
.....+.....#..♣ .+##
.....#.#..###..≈≈§w♣ .
.....##.#.# ..♣≈§ww≈ #


You could see a tyrant leech and a swamp worm.

Vanquished Creatures
  The ghost of TheNamelessOne the Thaumaturge, a journeyman SpSu of Gozag (Orc:2)
  Fannar (D:10)
  A hydra (Lair:3)
  2 ice dragons (IceCv)
  4 two-headed ogres
  A death knight (D:9)
  3 orc sorcerers
  A phantasmal warrior (D:10)
  3 oklob plants (Lair:1)
  An ugly thing (D:10)
  2 black mambas
  Joseph (D:7)
  2 ice statues (IceCv)
  Psyche (D:11)
  5 spiny frogs
  2 rime drakes (IceCv)
  2 komodo dragons
  A freezing wraith (D:10)
  2 trolls
  A merfolk (D:9)
  4 blink frogs
  6 hippogriffs
  4 wyverns
  A wraith (D:9)
  21 yaks
  A swamp worm (Lair:4)
  A warg (Orc:2)
  2 nagas (Lair:4)
  9 water moccasins
  3 porcupines (Lair:2)
  18 orc warriors
  16 ice beasts
  A sky beast (D:10)
  An eye of draining (D:11)
  A phantom (D:6)
  9 ogres
  4 centaurs
  5 crocodiles
  A big kobold (D:8)
  17 bullfrogs
  A water moccasin skeleton (D:8)
  10 killer bees
  3 wights (D:6)
  A howler monkey (D:5)
  4 crimson imps
  A centaur zombie (D:7)
  A jelly (D:10)
  A quasit (D:8)
  A bullfrog zombie (D:9)
  2 hounds
  A bullfrog skeleton (D:10)
  18 orc priests
  Jessica (D:3)
  25 orc wizards
  5 worker ants
  2 hound zombies (D:6)
  Robin (D:4)
  2 hound skeletons
  A worker ant zombie (D:7)
  15 adders
  8 gnolls
  2 river rats (Sewer)
  4 shadow imps
  6 oozes
  2 adder skeletons
  An adder zombie (D:5)
  10 worms
  7 leopard geckos
  46 orcs
  8 ball pythons
  4 giant cockroaches
  13 goblins
  10 hobgoblins
  9 jackals
  3 quokkas
  6 bats
  3 frilled lizards
  24 kobolds
  11 rats
435 creatures vanquished.

Vanquished Creatures (collateral kills)
  An orc high priest (Orc:2)
  An orc priest (Orc:2)
  2 orc wizards (Orc:2)
4 creatures vanquished.

Vanquished Creatures (others)
  An orc sorcerer (Orc:2)
1 creature vanquished.

Grand Total: 440 creatures vanquished

Notes
Turn   | Place    | Note
-------+----------+-------------------------------------------
     0 | D:1      | Amnesiac the Mummy Assassin began the quest for the Orb.
     0 | D:1      | Reached XP level 1. HP: 16/16 MP: 1/1
   268 | D:1      | Reached XP level 2. HP: 22/22 MP: 2/2
   553 | D:2      | Found an opulent altar of Gozag.
   555 | D:2      | Found a white marble altar of Elyvilon.
   557 | D:2      | Found an iron altar of Okawaru.
   561 | D:2      | Became a worshipper of Warmaster Okawaru
   711 | D:2      | Reached XP level 3. HP: 25/27 MP: 3/3
  1022 | D:2      | Reached XP level 4. HP: 8/33 MP: 4/4
  1598 | D:2      | Noticed a moth of wrath
  1600 | D:2      | Found a bloodstained altar of Trog.
  2181 | D:3      | Reached XP level 5. HP: 26/38 MP: 5/5
  2350 | D:3      | Found a glowing drain.
  2359 | Sewer    | Entered a sewer
  2803 | Sewer    | Reached XP level 6. HP: 37/44 MP: 6/6
  3047 | D:3      | Reached * piety under Okawaru
  3177 | D:3      | Noticed Jessica
  3183 | D:3      | Killed Jessica
  3500 | D:4      | Found a white marble altar of Elyvilon.
  3561 | D:4      | Found a runed gate.
  3605 | D:4      | Found a runed gate.
  3605 | D:4      | Found an opulent altar of Gozag.
  3605 | D:4      | Found a runed gate.
  3606 | D:4      | Noticed mopl's ghost (amateur BaTm)
  4003 | D:4      | Got a heavily runed scale mail
  4199 | D:4      | Noticed Robin
  4236 | D:4      | Killed Robin
  4291 | D:4      | Identified the +4 scale mail of the Echidna {rN+ Regen+
                  | Dex-3} (You found it on level 4 of the Dungeon)
  4307 | D:4      | Found a burning altar of Makhleb.
  4418 | D:4      | Reached XP level 7. HP: 50/50 MP: 7/7
  4496 | D:5      | Entered Level 5 of the Dungeon
  4503 | D:5      | Reached skill level 1 in Invocations
  4583 | D:5      | Reached ** piety under Okawaru
  4635 | D:5      | Found the +0 Maxwell's etheric cage {RegenMP+ *Contam rElec
                  | MP+4}
  5215 | D:6      | Reached skill level 5 in Short Blades
  5215 | D:6      | Reached XP level 8. HP: 43/56 MP: 9/9
  5594 | D:6      | Reached skill level 5 in Throwing
  5621 | D:6      | Reached skill level 5 in Stealth
  5808 | D:6      | Reached *** piety under Okawaru
  6226 | D:7      | Noticed a hippogriff
  6250 | D:7      | Killed a hippogriff
  6316 | D:7      | Found a staircase to the Ecumenical Temple.
  6427 | D:7      | Reached XP level 9. HP: 58/61 MP: 11/11
  6649 | D:7      | Found a glowing silver altar of Zin.
  6740 | D:7      | Noticed Joseph
  6755 | D:7      | Paralysed by Joseph for 2 turns
  6802 | D:7      | Killed Joseph
  6802 | D:7      | Reached **** piety under Okawaru
  7623 | D:8      | Noticed a two-headed ogre
  7665 | D:8      | Killed a two-headed ogre
  7961 | D:8      | Reached XP level 10. HP: 15/67 MP: 13/13
  7966 | D:8      | Received a gift from Okawaru
  8570 | D:9      | Noticed a two-headed ogre
  8611 | D:9      | Killed a two-headed ogre
  8611 | D:9      | Reached ***** piety under Okawaru
  8668 | D:9      | Found a staircase to the Lair.
  9104 | D:9      | Reached skill level 5 in Invocations
  9121 | D:10     | Entered Level 10 of the Dungeon
  9175 | D:10     | Noticed Fannar
  9224 | D:10     | Killed Fannar
  9856 | D:10     | Received a gift from Okawaru
 10317 | D:11     | Found a staircase to the Orcish Mines.
 10396 | D:11     | Noticed a death knight
 10396 | D:11     | Noticed a phantasmal warrior
 10554 | D:10     | Reached XP level 11. HP: 65/72 MP: 16/16
 10760 | D:9      | Killed a death knight
 10821 | D:10     | Killed a phantasmal warrior
 11600 | D:11     | Noticed a two-headed ogre
 11601 | D:11     | Noticed a two-headed ogre
 11764 | D:10     | Killed a two-headed ogre
 11810 | D:10     | Received a gift from Okawaru
 11963 | D:11     | Noticed a green ugly thing
 12000 | D:10     | Killed a green ugly thing
 12000 | D:10     | Received a gift from Okawaru
 12063 | D:10     | Killed a two-headed ogre
 12088 | D:11     | Noticed Psyche
 12099 | D:11     | Killed Psyche
 12099 | D:11     | Received a gift from Okawaru
 12099 | D:11     | Reached skill level 1 in Evocations
 12465 | Orc:1    | Entered Level 1 of the Orcish Mines
 13006 | Orc:2    | Entered Level 2 of the Orcish Mines
 13505 | Orc:2    | Noticed an orc sorcerer
 13538 | Orc:2    | Noticed an orc high priest
 13541 | Orc:2    | Killed an orc sorcerer
 13542 | Orc:2    | Noticed an orc sorcerer
 13591 | Orc:2    | Found a staircase to the Elven Halls.
 13786 | Orc:2    | Found a deep blue altar of Sif Muna.
 13870 | Orc:2    | Killed an orc high priest
 13903 | Orc:1    | Killed an orc sorcerer
 13903 | Orc:1    | Received a gift from Okawaru
 13952 | Orc:2    | Reached XP level 12. HP: 78/78 MP: 18/18
 14222 | Orc:2    | Reached skill level 10 in Throwing
 14434 | Orc:2    | Found Wiupp's Antique Weapon Boutique.
 14441 | Orc:2    | Found Kilisy Tiddo's Antique Armour Boutique.
 14449 | Orc:2    | Found Ydammoep's Antique Weapon Shop.
 14451 | Orc:2    | Found Dorrunaf's Antique Weapon Shop.
 14493 | Orc:2    | Found a runed gate.
 14493 | Orc:2    | Found a runed gate.
 14493 | Orc:2    | Found a runed gate.
 14499 | Orc:2    | Noticed TheNamelessOne's ghost (journeyman SpSu)
 14809 | Orc:2    | Bought a pair of boots for 103 gold pieces
 14815 | Orc:2    | Bought an ancient hunting sling for 221 gold pieces
 14815 | Orc:2    | Identified the cursed +3 hunting sling "Oguma" {venom,
                  | Dex+4} (You bought it in a shop on level 2 of the Orcish
                  | Mines)
 14818 | Orc:2    | Bought a runed dagger for 155 gold pieces
 14855 | Orc:2    | Killed TheNamelessOne's ghost
 14965 | Lair:1   | Identified a paperback manual
 14965 | Lair:1   | Entered Level 1 of the Lair of Beasts
 15593 | Lair:1   | Reached skill level 10 in Short Blades
 15865 | Lair:1   | Reached skill level 1 in Armour
 15865 | Lair:1   | Reached skill level 1 in Dodging
 16430 | Lair:1   | Received a gift from Okawaru
 16779 | Lair:2   | Found a frozen archway.
 16791 | Lair:2   | Reached ****** piety under Okawaru
 16796 | IceCv    | Entered an ice cave
 16870 | IceCv    | Received a gift from Okawaru
 17297 | IceCv    | Received a gift from Okawaru
 17327 | IceCv    | Noticed an ice dragon
 17328 | IceCv    | Noticed an ice dragon
 17338 | IceCv    | Killed an ice dragon
 17350 | IceCv    | Killed an ice dragon
 17582 | Lair:2   | Gained mutation: You are in touch with the powers of death.
                  | [Mummy growth]
 17582 | Lair:2   | Reached XP level 13. HP: 78/86 MP: 19/19
 18099 | Lair:3   | Received a gift from Okawaru
 18155 | Lair:3   | Reached skill level 1 in Shields
 18506 | Orc:2    | Bought a bloodstained robe for 131 gold pieces
 18506 | Orc:2    | Bought a shiny plate armour for 598 gold pieces
 18528 | Orc:2    | Identified the +2 robe of the Meadowlark {SInv} (You bought
                  | it in a shop on level 2 of the Orcish Mines)
 18555 | Orc:2    | Bought a glowing scale mail for 161 gold pieces
 19286 | Lair:4   | Found a staircase to the Snake Pit.
 19382 | Lair:4   | Found a staircase to the Swamp.
 19413 | Lair:4   | Slain by a tyrant leech

Vault maps used:
D:1:      scummos_arrival_simple_crosswalls
D:2:      grunt_temple_overflow_diamond, tgw_trog, first_ration, st_stairs_3,
          supply_closet_lemuel, minmay_pentomino_z4
D:3:      portal_sewer_entry_d, uniq_jessica
D:4:      makhleb_blood_cavern_becter, ebering_ghost_gozag, elyvilon_altar_5,
          uniq_robin
D:7:      zin_statuary, minmay_temple_entry_statues, uniq_joseph
D:9:      lair_entry_dummy, hangedman_fish_farm, grunt_decor_arrowhead
D:10:     uniq_fannar
D:11:     due_unseen_surprise, uniq_psyche
Lair:1:   dpeg_oklob_gauntlet, serial_bayou_shore_b, grunt_megastairs_1,
          lemuel_fruit_tree
Lair:2:   portal_ice_cave_entry_pillars_2
Lair:3:   infiniplex_staircase_pool, grunt_megastairs_3
Lair:4:   minmay_swamp_entry_worms, guppyfry_snake_entry_garden,
          serial_bayou_shore_b
Orc:2:    st_orc_mages, ebering_ghost_rock_garden, led_sif_book
Sewer:    sewer_co_15_rooms
IceCv:    ice_cave_small_dragons

Skill      XL: |  1  2  3  4  5  6  7  8  9 10 11 12 13 |
---------------+----------------------------------------+-----
Throwing       | 2 3 4 6 7 8 9 10 | 10.0
Short Blades   | 2 3 4 5 6 7 8 10 | 10.0
Stealth        | 4 5 6 7 8 |  8.0
Invocations    | 2 3 4 6 8 |  8.5
Evocations     | 3 4 |  4.0
Armour         | 4 |  4.3
Dodging        | 4 |  4.2
Fighting       | 3 |  3.4
Shields        | 4 |  4.0

Action                   |  1- 3 |  4- 6 |  7- 9 | 10-12 | 13-15 || total
-------------------------+-------+-------+-------+-------+-------++-------
Melee: Dagger            |   186 |   333 |   330 |   889 |   240 ||  1978
       Long sword        |       |       |     6 |       |       ||     6
       Short sword       |       |       |       |     8 |     5 ||    13
 Fire: Blowgun           |     3 |   202 |    63 |   110 |       ||   378
       Hunting sling     |       |       |    93 |   306 |       ||   399
Throw: Tomahawk          |       |       |     6 |    80 |     1 ||    87
       Javelin           |       |       |       |     2 |       ||     2
Invok: Heroism           |       |       |       |     3 |     2 ||     5
Evoke: Wand              |       |     2 |     3 |     5 |       ||    10
  Use: Scroll            |       |     5 |    10 |     7 |     3 ||    25
 Stab: Sleeping          |       |       |       |     9 |     1 ||    10
       Paralysed         |       |       |       |     1 |       ||     1
       Distracted        |       |       |       |     2 |       ||     2
Armor: Chain mail        |   149 |     5 |       |       |       ||   154
       Plate armour      |       |   208 |       |       |       ||   208
       Ring mail         |       |    12 |       |       |       ||    12
       Scale mail        |       |       |   202 |   378 |    58 ||   638
Dodge: Dodged            |    60 |   101 |   187 |   403 |    84 ||   835
Block: Buckler           |       |       |       |       |    21 ||    21

Table legend:
 A = Non-vault XP
 B = Vault XP
 C = Vault XP percentage of total XP
 D = Non-vault monster count
 E = Vault monster count
 F = Vault count percentage of total count
                 A         B        C        D         E       F
            +---------+---------+-------+---------+---------+-------
      Total |   29736 |   15618 |  34.4 |     320 |     119 |  27.1
            +---------+---------+-------+---------+---------+-------
        D:1 |      24 |       0 |   0.0 |      16 |       0 |   0.0
        D:2 |      76 |      35 |  31.5 |      23 |      11 |  32.4
        D:3 |     243 |      50 |  17.1 |      33 |       2 |   5.7
        D:4 |     184 |      87 |  32.1 |       3 |      15 |  83.3
        D:5 |     455 |       0 |   0.0 |      18 |       0 |   0.0
        D:6 |    1039 |       0 |   0.0 |      28 |       0 |   0.0
        D:7 |     963 |     486 |  33.5 |      17 |       1 |   5.6
        D:8 |    1936 |       0 |   0.0 |      22 |       0 |   0.0
        D:9 |    4187 |     289 |   6.5 |      23 |       1 |   4.2
       D:10 |    6760 |     932 |  12.1 |      33 |       1 |   2.9
       D:11 |    1296 |     389 |  23.1 |      17 |       1 |   5.6
     Lair:1 |    2475 |    1656 |  40.1 |      12 |       3 |  20.0
     Lair:2 |    2498 |       0 |   0.0 |      13 |       0 |   0.0
     Lair:3 |    3511 |     404 |  10.3 |      13 |       2 |  13.3
     Lair:4 |    1907 |     489 |  20.4 |       9 |       3 |  25.0
      Orc:1 |    1125 |    1293 |  53.5 |      23 |       6 |  20.7
      Orc:2 |    1057 |    4000 |  79.1 |      17 |      34 |  66.7
      Sewer |       0 |      96 | 100.0 |       0 |      19 | 100.0
      IceCv |       0 |    5412 | 100.0 |       0 |      20 | 100.0
            +---------+---------+-------+---------+---------+-------
